 Dungeon Crawl Stone Soup version 0.18-a0-921-g28655ce (webtiles) character file.

9 Duffy the Chiller (level 2, 19/19 HPs)
             Began as a Demonspawn Ice Elementalist on Dec 27, 2015.
             Quit the game on level 1 of the Dungeon.
             The game lasted 00:01:41 (444 turns).

Duffy the Chiller (Demonspawn Ice Elementalist)      Turns: 444, Time: 00:01:41

Health: 19/19      AC:  2    Str:  8    XL:     2   Next: 3%
Magic:  5/5        EV: 12    Int: 16    God:
Gold:   13         SH:  0    Dex: 13    Spells: 1 memorised, 4 levels left

rFire  . . .     SeeInvis .     b - book of Frost
rCold  . . .     Gourm    .     a - +0 robe
rNeg   . . .     Faith    .     (no shield)
rPois  .         Spirit   .     (no helmet)
rElec  .         Dismiss  .     (no cloak)
rCorr  .         Reflect  .     (no gloves)
SustAt .         Harm     .     (no boots)
MR     .....                    (no amulet)
Stlth  ++........               (no ring)
                                (no ring)

@: not resistant to hostile enchantments, unstealthy
A: powered by death 1
a: no special abilities


You were on level 1 of the Dungeon.
You were not hungry.

You visited 1 branch of the dungeon, and saw 1 of its levels.

You collected 13 gold pieces.


Innate Abilities, Weirdness & Mutations

You regenerate a little health from kills.


   Skills:
 - Level 1.7 Dodging
 - Level 1.7 Stealth
 + Level 2.3 Spellcasting
   Level 1.0 Conjurations
 + Level 3.0 Ice Magic


You had 4 spell levels left.
You knew the following spells:

 Your Spells              Type           Power        Failure   Level  Hunger
a - Freeze                Ice            ##..         8%          1    #......

Inventory:

Armour
 a - a +0 robe (worn)
Scrolls
 d - a scroll of fog {unknown}
 e - a scroll of amnesia {unknown}
Books
 b - a book of Frost (in hand)
Comestibles
 c - a bread ration

Dungeon Overview and Level Annotations

Branches:
Dungeon (1/15)

Altars:


Message History

Cast which spell? (? or * to list)
You don't have enough magic to cast that spell.
Cast which spell? (? or * to list)
You can't see any susceptible monsters within range! (Use Z to cast anyway.) Cast which spell? (? or * to list)
Aiming: Freeze
Press: ? - help, Shift-Dir - straight line, f - ball python
Aim: a ball python You freeze the ball python.
The ball python is heavily wounded.
The ball python closely misses you. The ball python grabs you.
The ball python constricts you.
Cast which spell? (? or * to list)
You don't have enough magic to cast that spell.
Your attempt to break free from the ball python fails, but you feel that another attempt might succeed.
The ball python bites you but does no damage.
The ball python constricts you.
You escape the ball python's grasp.
The ball python barely misses you. The ball python grabs you.
The ball python constricts you.
Your attempt to break free from the ball python fails, but you feel that another attempt might succeed.
The ball python bites you. The ball python constricts you.
You escape the ball python's grasp.
The ball python barely misses you. The ball python closely misses you.
Cast which spell? (? or * to list)
Aiming: Freeze
Press: ? - help, Shift-Dir - straight line, f/p - ball python
Aim: a ball python (heavily wounded)
You freeze the ball python.
You kill the ball python!
You have reached level 2!
Your demonic ancestry asserts itself...
A wave of death washes over you.
You see here a ball python corpse.
e - a scroll labeled KOEMUSUCIL Are you sure you want to abandon this character and quit the game? (Confirm with "yes".)

###.............## ..#
.........#.......##..#
####....###..........####
##....#...#.....#......#
#......#.<.#....%....##..
..###.........###.%......
.# #..#...#..#..#.>.####
... #..#...#..#.........#
....#..##.##..#@........#
.#.#....#.#....#.#......#
.........#...........####
####............#.....#
#.#........###.#....#
#.#.........# #.####.#
............# #.# .#
#..!...###..# #.#
##.#.... ...# #.#


There were no monsters in sight!

Action                   || total
-------------------------++-------
 Cast: Freeze            ||    12

Notes
Turn   | Place    | Note
--------------------------------------------------------------
     0 | D:1      | Duffy the Demonspawn Ice Elementalist began the quest for the Orb.
     0 | D:1      | Reached XP level 1. HP: 13/13 MP: 3/3
   341 | D:1      | Reached skill level 3 in Ice Magic
   362 | D:1      | Gained mutation: You regenerate a little health from kills. [demonic ancestry]
   362 | D:1      | Reached XP level 2. HP: 14/19 MP: 0/5
   444 | D:1      | Quit the game

Vault maps used:
D:1:      erik_arrival_blinker_ship

Vanquished Creatures
  A giant gecko
  2 ball pythons
  A bat
  2 giant newts
  2 goblins
  A rat
9 creatures vanquished.
